 Dungeon Crawl Stone Soup version 0.30-a0-860-g512cf1e979 (webtiles) character file.

Game seed: 1275871176090983887

197 qeuew the Conjurer (level 5, -2/31 HPs)
             Began as an Octopode Conjurer on Mar 7, 2023.
             Slain by an orc wizard
             ... wielding a +0 dagger
              (3 damage)
             ... on level 4 of the Dungeon.
             The game lasted 00:04:05 (4398 turns).

qeuew the Conjurer (Octopode Conjurer)              Turns: 4398, Time: 00:04:06

Health: -2/31      AC:  1    Str:  4    XL:     5   Next: 75%
Magic:  1/9        EV: 14    Int: 26    God:
Gold:   69         SH:  4    Dex: 13    Spells: 6/9 levels left

rFire   . . .      SeeInvis .    (no weapon)
rCold   . . .      Faith    .    (no shield)
rNeg    . . .      Spirit   .    (helmet restricted)
rPois   .          Reflect  .    (no amulet)
rElec   .          Rampage  .    d - ring of resist corrosion
rCorr   +                        (no ring)
Will    .....                    (no ring)
Stlth   +++                      (no ring)
HPRegen 0.25/turn                (no ring)
MPRegen 0.11/turn                (no ring)
                                 (no ring)
                                 (no ring)

@: no status effects
A: almost no armour, amphibious, 8 rings, camouflage 1, gelatinous body 1,
(nimble swimmer 1), tentacles, large bone plates 1, agile 1, clever 1
a: no special abilities


You were on level 4 of the Dungeon.
You visited 1 branch of the dungeon, and saw 4 of its levels.

You collected 69 gold pieces.

Inventory:

Jewellery
 d - a ring of resist corrosion (left tentacle)
Wands
 e - a wand of light (13)
Scrolls
 b - a scroll of summoning
 f - a scroll of blinking


   Skills:
 * Level 3.5 Dodging
 + Level 4.0 Stealth
 + Level 2.7 Spellcasting
 * Level 5.1 Conjurations
 + Level 0.6 Evocations


You had 6 spell levels left.
You knew the following spells:

 Your Spells              Type           Power      Damage    Failure   Level
a - Magic Dart            Conj           100%       1d8       1%          1
b - Searing Ray           Conj           60%        2d6       1%          2

Your spell library contained the following spells:

 Spells                   Type           Power      Damage    Failure   Level
 Kiss of Death            Conj/Necr      68%        2d10      3%          1
 Dazzling Flash           Conj/Hex       34%        N/A       10%         3
 Confusing Touch          Hex            3%         N/A       28%         3
 Fulminant Prism          Conj/Hex       8%         3d7       32%         4
 Iskenderun's Mystic Bla  Conj/Tloc      17%        2d5       32%         4
 Dispel Undead            Necr           3%         3d7       67%         4
 Summon Forest            Summ/Tloc      1%         N/A       95%         5
 Eringya's Noxious Bog    Tmut/Pois      1%         N/A       100%        6
 Summon Hydra             Summ           1%         N/A       100%        7


Dungeon Overview and Level Annotations

Branches:
Dungeon (4/15)
 Temple: D:4-7

Altars:
Qazlal

Shops:
D:2 !


Innate Abilities, Weirdness & Mutations

You cannot wear most types of armour.
You are amphibious.
You can wear up to eight rings at the same time.
Your skin changes colour to match your surroundings (Stealth+).
Your rubbery body absorbs attacks. (AC +1, EV +1)
((You are camouflaged when in or above water. (Stealth+)))
You have tentacles for arms and can constrict up to eight enemies at once.
You are partially covered in large bone plates. (SH +4)
You are agile. (Dex +4, Str/Int -1)
Your mind is acute. (Int +4, Str/Dex -1)


Message History

Aim: an orc priest, wielding a +0 flail and wearing a +0 chain mail (85% to hit)
The searing ray hits something.
The searing ray hits the orc!
The orc is almost dead.
The searing ray hits the orc priest.
The orc priest is heavily wounded. (Press . to maintain the ray.)
Something hits you.
The searing ray hits something.
The searing ray misses the orc priest.
You block the orc's attack.
The searing ray hits the orc priest but does no damage.
The orc priest is heavily wounded.
Something hits you. The orc barely misses you.
The searing ray hits the orc priest.
The orc priest is severely wounded.
You finish channelling your searing ray.
Something hits you. The orc barely misses you.
The orc priest hits you with a +0 flail!
* * * LOW HITPOINT WARNING * * *
Unknown command.
Aiming: Magic Dart (safe; 1% risk of failure)
Press: ? - help, Q - select action, (/) - cycle Shift-Dir - straight line, f/p - orc priest
Aim: an orc priest, wielding a +0 flail and wearing a +0 chain mail (severely wounded, 100% to hit)
The magic dart hits the orc priest but does no damage.
The orc priest is severely wounded.
The orc priest hits you with a +0 flail.
* * * LOW HITPOINT WARNING * * *
The orc hits you with a +0 hand axe.
* * * LOW HITPOINT WARNING * * *
Something hits you.
* * * LOW HITPOINT WARNING * * *
You aren't carrying any potions.
The orc priest attacks as you move away!
You block the orc priest's attack.
Found a yellow potion.
Something hits you.
* * * LOW HITPOINT WARNING * * *
You closely miss the orc. You grab the orc.
The orc is almost dead.
You constrict the orc.
You kill the orc!
Something hits you.
You die...

,,,,,,,,,,,,* *,*
,,,,,,,****** #!*
,,,,,,,* #.# ,,,,,,,*
#.# ********#######.#
*,........#
*,........########*****
*,................,,,,*
*,........@#********,**
*,........)###### *,*
*,.$.....#o.....# *,*
*,.......#.####.# *,*
*,.......#.# #.# *,*
*,.......#.# #.# *,*
*,.......#.# #.# *,*
**########.####.# *,*
#)#....# *,*


You could see an orc priest.

Vanquished Creatures
  Terence (D:3)
  Robin (D:2)
  3 gnolls (D:3)
  4 adders
  A worm (D:2)
  2 dart slugs
  3 orcs (D:4)
  10 endoplasms
  3 giant cockroaches
  15 goblins
  8 hobgoblins
  4 jackals (D:2)
  6 kobolds
  4 quokkas
  2 ball pythons
  6 bats
  5 frilled lizards
  4 rats
  A bush (D:1)
83 creatures vanquished.

Notes
Turn   | Place    | Note
-------+----------+-------------------------------------------
     0 | D:1      | qeuew the Octopode Conjurer began the quest for the Orb.
     0 | D:1      | Reached XP level 1. HP: 11/11 MP: 3/3
   214 | D:1      | Reached XP level 2. HP: 17/17 MP: 1/5
  1120 | D:1      | Reached XP level 3. HP: 21/21 MP: 3/6
  1947 | D:2      | Reached XP level 4. HP: 27/27 MP: 3/7
  1953 | D:2      | Learned a level 2 spell: Searing Ray
  2326 | D:2      | Noticed Robin
  2356 | D:2      | Killed Robin
  2359 | D:2      | HP: 1/27 [goblin/+0 club[Robin] (4)]
  2674 | D:2      | Reached XP level 5. HP: 29/31 MP: 2/8
  2870 | D:2      | Found Vypogh's Distillery.
  3218 | D:2      | Gained mutation: You are partially covered in large bone
                  | plates. (SH +4) [potion of mutation]
  3218 | D:2      | Gained mutation: Your mind is acute. (Int +4, Str/Dex -1)
                  | [potion of mutation]
  3218 | D:2      | Gained mutation: You are agile. (Dex +4, Str/Int -1)
                  | [potion of mutation]
  3260 | D:3      | Found a stormy altar of Qazlal.
  3480 | D:3      | Reached skill level 5 in Conjurations
  3605 | D:3      | Noticed Terence
  3612 | D:3      | Killed Terence
  4397 | D:4      | HP: 1/31 [something (3)]
  4398 | D:4      | Slain by an orc wizard

Illustrated notes

Levels and vault maps discovered:
D:1:      amcnicky_arrival_underground_garden, layout_loops_corners,
          serial_forest, infiniplex_forest_fountain, infiniplex_forest_zigzag_1,
          infiniplex_forest_lined_3, infiniplex_forest_clump_long,
          infiniplex_forest_straight_2, infiniplex_forest_clump_tiny,
          infiniplex_forest_clump_double, infiniplex_forest_clump_diagonal,
          infiniplex_forest_clump_double
D:2:      minmay_alternating_diamond, layout_basic, serial_shops,
          nicolae_shop_statue_plus, uniq_robin
D:3:      layout_loops_corners, lemuel_tele_altar, uniq_terence
D:4:      layout_basic, mainiacjoe_overflow_cross_hatched, hangedman_ru_absence,
          gup_sewer_entry_bowl

Skill      XL: |  1  2  3  4  5 |
---------------+----------------+-----
Stealth        | 3 4 |  4.0
Dodging        | 3 |  3.5
Conjurations   | 5 |  5.1
Spellcasting   | |  2.7
Evocations     | |  0.6

Action                     |  1- 3 |  4- 6 || total
---------------------------+-------+-------++-------
  Melee: Unarmed           |   246 |    19 ||   265
         Tentacles         |   100 |     3 ||   103
         Punch             |     6 |       ||     6
         Constrict         |     1 |     6 ||     7
   Cast: Magic Dart        |    63 |    92 ||   155
         Searing Ray       |       |     2 ||     2
    Use: Potion            |     2 |     6 ||     8
         Scroll            |     1 |     4 ||     5
 Armour: Skin              |     1 |     1 ||     2
  Dodge: Dodged            |     1 |    32 ||    33
  Block: Other             |       |     3 ||     3

Table legend: (Time is in decaauts)
 A = Elapsed time spent in this place.
 B = Non-inter-level travel time spent in this place.
 C = Inter-level travel time spent in this place.
 D = Time resting spent in this place.
 E = Time spent auto-exploring this place.
 F = Levels seen in this place.
 G = Mean time per level.
                   A        B        C        D        E       F      G
               +--------+--------+--------+--------+--------+-----+--------+
         Total |   4396 |   4295 |    101 |      0 |   3715 |   4 | 1099.0 |
       Dungeon |   4396 |   4295 |    101 |      0 |   3715 |   4 | 1099.0 |
               +--------+--------+--------+--------+--------+-----+--------+

Top non-repeatable levels by time:
     D:2: 1651 daAuts
     D:1: 1595 daAuts
     D:3: 1112 daAuts
     D:4: 37 daAuts
